 Dungeon Crawl Stone Soup version 0.31-a0-232-gb1c03b2570 (webtiles) character file.

Game seed: 3450214424375389334

66 qw the Shooter (level 3, 0/29 HPs)
             Began as a Minotaur Hexslinger on July 7, 2023.
             Slain by a sleepcap (3 damage)
             ... on level 3 of the Dungeon.
             The game lasted 00:00:37 (1650 turns).

qw the Shooter (Minotaur Hexslinger)                Turns: 1650, Time: 00:00:38

Health: 0/29       AC:  7    Str: 12    XL:     3   Next: 96%
Magic:  3/3        EV: 11    Int: 10    God:
Gold:   53         SH:  0    Dex: 14    Spells: 3/4 levels left

rFire   . . .        Y - +2 sling (flame)
rCold   . . .        (no shield)
rNeg    . . .        d - +0 ring mail
rPois   .            (helmet restricted)
rElec   .            f - +1 cloak
rCorr   .            (no gloves)
SInv    .            (no boots)
Will    .....        (no amulet)
Stlth   +            (no ring)
HPRegen 0.24/turn    (no ring)
MPRegen 0.08/turn

%: no passive effects
@: no status effects
A: horns 2, retaliatory headbutt
a: no special abilities


You were on level 3 of the Dungeon.
You visited 1 branch of the dungeon, and saw 3 of its levels.

You collected 53 gold pieces.


Innate Abilities, Weirdness & Mutations

You have a pair of horns on your head.
You reflexively headbutt those who attack you in melee.


   Skills:
 - Level 2.0 Fighting
 - Level 4.4 Ranged Weapons
 + Level 0.1 Armour
 - Level 2.1 Dodging
 - Level 1.0 Spellcasting
 - Level 2.0 Hexes


You had 3 spell levels left.
You knew the following spells:

 Your Spells              Type           Power      Damage    Failure   Level
a - Slow                  Hex            16%        N/A       34%         1

Your spell library contained the following spells:

 Spells                   Type           Power      Damage    Failure   Level
 Inner Flame              Hex/Fire       2%         N/A       83%         3
 Portal Projectile        Hex/Tloc       4%         N/A       83%         3
 Cause Fear               Hex            2%         N/A       98%         4

Inventory:

Hand Weapons
 Y - a +2 sling of flaming (weapon)
Armour
 d - a +0 ring mail (worn)
 f - a +1 cloak (worn)
Potions
 e - a potion of attraction {unknown}
 g - a potion of lignification {unknown}
 i - a potion of magic {unknown}

Dungeon Overview and Level Annotations

Branches:
Dungeon (3/15)

Altars:


Message History

The goblin hits you with a +0 club. The orc hits you with a +0 dagger.
The sleepcap barely misses you.
You shoot a sling bullet.
The sling bullet hits the sleepcap but does no damage.
The sleepcap is moderately damaged.
The orc closely misses you.
The sleepcap releases spores at you but does no damage.
The goblin hits you but does no damage.
You shoot a sling bullet.
The sling bullet hits the sleepcap but does no damage.
The sleepcap is moderately damaged.
The goblin closely misses you. You furiously retaliate!
You headbutt the goblin.
You kill the goblin!
The sleepcap barely misses you. The orc closely misses you. x2
The sleepcap closely misses you.
You shoot a sling bullet. The sling bullet hits the sleepcap.
The sling bullet burns the sleepcap.
The sleepcap is moderately damaged.
The orc misses you. The sleepcap closely misses you.
You shoot a sling bullet. The sling bullet hits the sleepcap.
The sling bullet burns the sleepcap.
The sleepcap is heavily damaged.
The orc hits you but does no damage.
The sleepcap releases spores at you but does no damage.
You shoot a sling bullet.
The sling bullet hits the sleepcap but does no damage.
The sleepcap is heavily damaged.
The sleepcap releases spores at you but does no damage.
The orc hits you but does no damage. The orc misses you.
The sleepcap releases spores at you but does no damage.
You shoot a sling bullet.
The sling bullet hits the sleepcap but does no damage.
The sleepcap is heavily damaged.
The orc hits you but does no damage.
The sleepcap releases spores at you but does no damage.
You shoot a sling bullet.
The sling bullet hits the sleepcap but does no damage.
The sleepcap is heavily damaged.
The orc hits you but does no damage. The sleepcap releases spores at you.
You die...

#...### ##..##
#..##
##..########
#####...........
##.....##########
.######..######
................
.######@########
#....o)f......
#.##..########
#<.. ##.# .. #.#
..


You could see a sleepcap and an orc.

Vanquished Creatures
  A worm (D:2)
  4 ball pythons
  3 bats (D:2)
  7 endoplasms
  5 giant cockroaches
  4 goblins
  2 hobgoblins
  4 jackals (D:2)
  A quokka (D:1)
  7 frilled lizards
  9 kobolds
  10 rats
57 creatures vanquished.

Notes
Turn   | Place    | Note
-------+----------+-------------------------------------------
     0 | D:1      | qw the Minotaur Hexslinger began the quest for the Orb.
     0 | D:1      | Reached XP level 1. HP: 16/16 MP: 1/1
     0 | D:1      | 0 ||| qw: Version: 0.3-a-46-gb1f654a
     0 | D:1      | 0 ||| qw: Game counter: 2769
     0 | D:1      | 0 ||| qw: Melee chars always use a shield: true
     0 | D:1      | 0 ||| qw: God list: Okawaru
     0 | D:1      | 0 ||| qw: Allow faded altars: false
     0 | D:1      | 0 ||| qw: Do Orc after clearing Dungeon:15 true
     0 | D:1      | 0 ||| qw: Do second Lair branch before Depths: true
     0 | D:1      | 0 ||| qw: Lair rune preference: random
     0 | D:1      | 0 ||| qw: Goals: Normal
     0 | D:1      | 0 ||| PLANNING D:1-11
    62 | D:1      | 62 ||| FLEEEEING.
    63 | D:1      | 63 ||| FLEEEEING.
    64 | D:1      | 64 ||| FLEEEEING.
    65 | D:1      | 65 ||| FLEEEEING.
    93 | D:1      | Reached skill level 3 in Ranged Weapons
    93 | D:1      | Reached XP level 2. HP: 23/23 MP: 2/2
   476 | D:1      | Reached XP level 3. HP: 28/29 MP: 3/3
   602 | D:1      | 602 ||| UPGRADING to +1 cloak.
   607 | D:1      | 607 ||| READING scroll labelled AGAEB ORAIDO.
   608 | D:1      | 608 ||| READING scroll labelled OLAEXIGRAR.
   609 | D:1      | 609 ||| READING scroll labelled QUIXON CUBOL.
   610 | D:1      | 610 ||| DROPPING scroll of poison.
   671 | D:2      | Reached skill level 4 in Ranged Weapons
  1545 | D:2      | 1545 ||| UPGRADING to +0 ring mail.
  1555 | D:2      | 1555 ||| DROPPING +0 robe.
  1556 | D:2      | 1556 ||| READING scroll labelled OSIPHE YLIVONE.
  1561 | D:2      | 1561 ||| READING scroll labelled CULIAN OSAGOAFIM.
  1641 | D:3      | HP: 5/29 [sleepcap (15)]
  1643 | D:3      | HP: 2/29 [goblin/+0 club (1)]
  1650 | D:3      | Slain by a sleepcap

Levels and vault maps discovered:
D:1:      ncdulo_lavacross, layout_rooms, chequers_serial_rivers_small_3
D:2:      layout_basic, bh_walls_and_bars
D:3:      layout_basic

Skill      XL: |  1  2  3 |
---------------+----------+-----
Ranged Weapons | 3 4 |  4.4
Fighting       | 2 |  2.0
Armour         | |  0.1
Dodging        | |  2.1
Spellcasting   | |  1.0
Hexes          | |  2.0

Action                     || total
---------------------------++-------
   Fire: Sling             ||   147
    Use: Scroll            ||     5
 Armour: Robe              ||     7
         Ring mail         ||    15
  Dodge: Dodged            ||    35

Table legend:
 A = Non-vault XP
 B = Vault XP
 C = Vault XP percentage of total XP
 D = Non-vault monster count
 E = Vault monster count
 F = Vault count percentage of total count
                 A         B        C        D         E       F
            +---------+---------+-------+---------+---------+-------
      Total |      95 |       0 |   0.0 |      57 |       0 |   0.0
            +---------+---------+-------+---------+---------+-------
        D:1 |      49 |       0 |   0.0 |      32 |       0 |   0.0
        D:2 |      44 |       0 |   0.0 |      24 |       0 |   0.0
        D:3 |       2 |       0 |   0.0 |       1 |       0 |   0.0
            +---------+---------+-------+---------+---------+-------
